cohdb
Replays
Latest Replays
All Replays
Popular Replays
Top Player Replays
Match Explorer
How It Works
Community
CoH3 Stats
Reddit
Sign in to upload your games and track your stats! →
Sign in with Steam
Match 42233334
Unlisted
Match 42233334
Overview
Messages
Build Orders
End
Construct Barracks
Riflemen Squad
1⁄4-ton 4x4 Truck
Riflemen Squad
Riflemen Squad
Engineer Squad
Grenade Package
Mechanized Support Center
Designate Forward Repair Station
Mortar Pit
Construct Medical Station
Construct Motor Pool
M3 75 mm Gun Motor Carriage
Selects Heavy Weapons
Selects Assault Carriers
Selects Exchangeable Parts
Rapid Repairs
Riflemen Squad
M3 75 mm Gun Motor Carriage
Designate Forward Repair Station
M16 Multiple Gun Motor Carriage
M1 Anti-tank Gun Team
Salvage Crew
M1918 Browning Automatic Rifles
dan legend
Scooby
HotdogPanda
欧阳黑奔
0
0
Comments
sign in to comment!
No comments posted yet!